 Dungeon Crawl Stone Soup version 0.31-a0-705-ga145531891 (webtiles) character file.

Game seed: 4591617072593631715

90 Ofeo the Changeling (level 4, -4/32 HPs)
             Began as a Demonspawn Shapeshifter on Sept 9, 2023.
             Slain by Grinder (5 damage)
             ... on level 3 of the Dungeon.
             The game lasted 00:02:15 (2623 turns).

Ofeo the Changeling (Demonspawn Shapeshifter)       Turns: 2623, Time: 00:02:16

Health: -4/32      AC:  8    Str: 24    XL:     4   Next: 32%
Magic:  4/4        EV:  9    Int: 17    God:
Gold:   119        SH:  4    Dex: 12    Spells: 3/3 levels left

rFire   + . .        o - +5 dagger of the Dwarven Hall {heavy, *Rage rPois rF+ Str+7}
rCold   . . .        (no shield)
rNeg    . . .        f - +0 chain mail
rPois   +            (helmet currently unavailable)
rElec   .            (cloak currently unavailable)
rCorr   .            (gloves currently unavailable)
SInv    .            (boots currently unavailable)
Will    +....        (no amulet) Stlth
                     g - +6 ring of intelligence
HPRegen 0.25/turn    i - ring of willpower
MPRegen 0.09/turn

%: random rage (20%)
@: beast-form, on berserk cooldown, slowed, very slow
A: beast (slay +2), horns 1, condensation shield
a: Begin Untransformation


You were on level 3 of the Dungeon.
You were a hulking beast.
You visited 1 branch of the dungeon, and saw 3 of its levels.

You collected 119 gold pieces.

Inventory:

Hand Weapons
 h - a +4 dagger
 o - the +5 dagger of the Dwarven Hall (weapon) {heavy, *Rage rPois rF+ Str+7}
   (You found it on level 2 of the Dungeon)

   Str+7:     It affects your strength (+7).
   rF+:       It protects you from fire.
   rPois:     It protects you from poison *Rage: It berserks you when you make
   melee attacks (+20% chance).
Armour
 a - a +0 animal skin
 b - a +0 pair of gloves
 f - a +0 chain mail (worn)
Jewellery
 g - a +6 ring of intelligence (left hand)
 i - a ring of willpower (right hand)
 n - a ring of resist corrosion
Talismans
 c - a beast talisman (active)
 d - a flux talisman
Scrolls
 e - a scroll of poison {unknown}
 j - a scroll of brand weapon {unknown}
 k - 7 scrolls of identify {unknown}
 m - a scroll of fog {unknown}
 p - a scroll of teleportation {unknown}
Potions
 l - a potion of lignification
 q - a potion of curing {@q1}
 r - a potion of invisibility {unknown}


   Skills:
 - Level 1.0 Fighting
 - Level 1.8 Dodging
 - Level 2.7 Unarmed Combat
 + Level 4.4 Shapeshifting


You had 3 spell levels left.
You didn't know any spells.
Your spell library contained the following spells:

 Spells                   Type           Power      Damage    Failure   Level
 Slow                     Hex            0%         N/A       83%         1
 Confusing Touch          Hex            0%         N/A       99%         3
 Sigil of Binding         Hex            0%         N/A       99%         3
 Vampiric Draining        Necr           0%         2d6       99%         3


Dungeon Overview and Level Annotations

Branches:
Dungeon (3/15)

Altars:

Shops:
D:2 (

Annotations:
D:3 1 runed translucent door, Grinder


Innate Abilities, Weirdness & Mutations

You are a hulking beast.
Your limbs bulge with bestial killing power. (Slay +2)
You have a pair of small horns on your head.
A meltable shield of frost defends you. (SH +4)


Message History

You are too injured to fight recklessly!
You barely miss Grinder.
Grinder is lightly wounded.
Grinder hits you but does no damage.
Grinder blinks!
You are too injured to fight recklessly!
Grinder hits you but does no damage.
You puncture Grinder!
Grinder is moderately wounded.
Grinder hits you but does no damage. Grinder gestures at you.
You suddenly lose the ability to move!
Grinder hits you!
* * * LOW HITPOINT WARNING * * *
You can move again.
You take 6 damage, and have 2/32 hp.
Unknown command.
Unknown command.
It was a potion of curing.
You feel better.
q - a potion of curing;
j - a scroll labelled LEOJUELEOS Grinder gestures at you.
You resist with some effort.
You regained 9 hp, and now have 11/32 hp.
You barely miss Grinder.
Grinder is moderately wounded.
Grinder hits you. You block Grinder's attack. Grinder gestures at you.
You suddenly lose the ability to move!
You can move again.
You take 1 damage, and have 10/32 hp.
You hit Grinder. Your headbutt misses Grinder.
Grinder is heavily wounded.
Grinder hits you.
* * * LOW HITPOINT WARNING * * *
You writhe in agony.
* * * LOW HITPOINT WARNING * * *
Grinder hits you.
* * * LOW HITPOINT WARNING * * *
You writhe in agony.
You die...
Grinder says, "Now the real fun starts!"

#...###.# #.## ##..^.
#...###.#######.###.##.#
.................#.....#
....###..########.######
.# #?.# #.# # #..# ##.##
# #.[# #...## # #5.#
####.#.#### #h.#
#...###..## #...#
#.##.#.#.## #.#.#
#.###.##.## #. .# #.#
#)##... .. )# #.#
#.##### ##. ## #.# #.#
### #. #.# #.# #.. #.
#.# #.# #.# #.# #.###.#


You could see Grinder.

Vanquished Creatures
  2 adders (D:2)
  A dart slug (D:1)
  11 endoplasms
  2 giant cockroaches
  5 goblins
  4 hobgoblins
  2 jackals (D:2)
  6 kobolds
  5 quokkas (D:1)
  7 ball pythons
  5 bats
  3 frilled lizards
  9 rats
62 creatures vanquished.

Notes
Turn   | Place    | Note
-------+----------+-------------------------------------------
     0 | D:1      | Ofeo the Demonspawn Shapeshifter began the quest for the
                  | Orb.
     0 | D:1      | Reached XP level 1. HP: 15/15 MP: 1/1
   341 | D:1      | Reached skill level 3 in Shapeshifting
   420 | D:1      | Gained mutation: A meltable shield of frost defends you.
                  | (SH +4) [demonic ancestry]
   420 | D:1      | Reached XP level 2. HP: 19/21 MP: 2/2
   983 | D:1      | Reached XP level 3. HP: 26/26 MP: 3/3
  1283 | D:2      | Reached skill level 4 in Shapeshifting
  1452 | D:2      | Identified the +5 dagger of the Dwarven Hall {heavy, *Rage
                  | rPois rF+ Str+7}
  1569 | D:2      | Gained mutation: You have a pair of small horns on your
                  | head. [demonic ancestry]
  1569 | D:2      | Reached XP level 4. HP: 32/32 MP: 4/4
  1720 | D:2      | Found Yqadao's Antique Weapon Shoppe.
  2179 | D:3      | Found a runed translucent door.
  2612 | D:3      | Noticed Grinder
  2619 | D:3      | Paralysed by Grinder for 3 turns
  2622 | D:3      | Paralysed by Grinder for 2 turns
  2623 | D:3      | HP: 1/32 [Grinder (4)]
  2623 | D:3      | Slain by Grinder

Illustrated notes

Levels and vault maps discovered:
D:1:      ebering_trefoil_twist, layout_basic, minmay_heptomino_w4
D:2:      layout_loops_ring, serial_shops, nicolae_shop_real_fake_doors
D:3:      layout_loops_ring, gammafunk_ghost_grave, roderic_batcave,
          uniq_grinder

Skill      XL: |  1  2  3 |
---------------+----------+-----
Shapeshifting  | 3 4 |  4.4
Fighting       | |  1.0
Dodging        | |  1.8
Unarmed Combat | |  2.7

Action                     |  1- 3 |  4- 6 || total
---------------------------+-------+-------++-------
  Melee: Unarmed           |   100 |       ||   100
         Dagger            |    25 |    26 ||    51
         Punch             |     1 |       ||     1
         Headbutt          |       |     4 ||     4
    Use: Potion            |       |     1 ||     1
   Stab: Sleeping          |     1 |       ||     1
 Armour: Animal skin       |    20 |       ||    20
         Chain mail        |    49 |    26 ||    75
  Dodge: Dodged            |    49 |     8 ||    57
  Block: Other             |     9 |     1 ||    10

Table legend: (Time is in decaauts)
 A = Elapsed time spent in this place.
 B = Non-inter-level travel time spent in this place.
 C = Inter-level travel time spent in this place.
 D = Time resting spent in this place.
 E = Time spent auto-exploring this place.
 F = Levels seen in this place.
 G = Mean time per level.
                   A        B        C        D        E       F      G
               +--------+--------+--------+--------+--------+-----+--------+
         Total |   2675 |   2632 |     43 |    250 |   1971 |   3 |  891.7 |
       Dungeon |   2675 |   2632 |     43 |    250 |   1971 |   3 |  891.7 |
               +--------+--------+--------+--------+--------+-----+--------+

Top non-repeatable levels by time:
     D:1: 1238 daAuts
     D:2: 951 daAuts
     D:3: 485 daAuts
